Islanders vs Penguins

Created - May 5, 2025 at 19:01

Goals
1 2 3 T
Islanders 2 1 3 6
Penguins 1 1 1 3
Shots
1 2 3 T
Islanders 12 7 19 38
Penguins 11 4 17 32

1st period

1. Islanders , Kellan Lain 14 (Ryan Ellis 47) at 1:40
2. Penguins , Sam Gagner 11 (Keith Aulie 14) at 11:45
3. Islanders , Garnet Hathaway 12 (Brandon Sutter 32, Kellan Lain 17) at 12:19

Penalties :
John Tavares (Pit) for Roughing (Minor) at 4:36

2nd period

4. Penguins , Jakub Voracek 31 (John Tavares 57) at 2:28 (PP)
5. Islanders , Brandon Sutter 19 (Garnet Hathaway 19) at 5:55

Penalties :
Michael Latta (NyI) for Roughing (Minor) at 2:25, Brandon Sutter (NyI) for Cross-checking (Minor) at 2:39, Brock McGinn (NyI) for Tripping (Minor) at 6:08, Kellan Lain (NyI) for Holding (Minor) at 11:39, Jamie Arniel (NyI) for Hooking (Minor) at 17:47

3rd period

6. Islanders , Michael Latta 14 (Jason Akeson 14, Nikita Zadorov 18) at 5:10
7. Islanders , Garnet Hathaway 13 (Brandon Sutter 33, Kellan Lain 18) at 5:44
8. Islanders , Vladimir Tarasenko 37 (Brayden Schenn 55) at 8:20 (PP)
9. Penguins , Mark Scheifele 38 (Sebastian Aho 34) at 15:36 (PP)

Penalties :
Mark Scheifele (Pit) for Roughing (Minor) at 7:54, Nick Leddy (Pit) for Holding (Minor) at 9:51, Kellan Lain (NyI) for Tripping (Minor) at 14:01, Dylan McIlrath (NyI) for Hooking (Minor) at 19:05

Goalie Stats

John Gibson (NyI), 29 saves from 32 shots - (0.906), W, 25-28-5, 60:00 minutes
Jeremy Swayman (Pit), 14 saves from 15 shots - (0.933), 14:16 minutes
Ondrej Pavelec (Pit), 18 saves from 23 shots - (0.783), L, 18-15-3, 45:44 minutes

Players Stats for Islanders

Player Name              G  A  P  +/- PIM S  H  SB GA TA FO     MP     PP MP  PK MP  
------------------------------------------------------------------------------------
Brandon Sutter           1  2  3   4  2   3  1  1  1  2  10/23  19:43   1:40   3:25 
Brayden Schenn           0  1  1   0  0   4  0  1  0  0  15/30  24:44   2:26   6:09 
Brian Ferlin             0  0  0   0  0   0  1  0  0  0  0/0     5:19   0:18   0:00 
Brock McGinn             0  0  0   0  2   1  4  0  1  2  2/4    24:01   2:24   5:23 
Dylan McIlrath           0  0  0   2  2   0  0  1  0  0  0/0     9:35   0:00   0:00 
Emerson Etem             0  0  0   0  0   1  3  1  0  0  0/0    11:45   0:00   2:29 
Gabriel Carlsson         0  0  0   2  0   0  0  1  0  1  0/0     9:36   0:00   0:00 
Garnet Hathaway          2  1  3   4  0   4  2  1  0  0  0/1    16:16   1:40   0:00 
Jamie Arniel             0  0  0   0  2   1  0  0  0  0  2/3     6:46   0:09   1:16 
Jason Akeson             0  1  1   0  0   0  0  0  0  0  0/0     9:01   0:00   0:00 
Kellan Lain              1  2  3   4  4   4  0  2  0  0  0/0    18:29   1:40   2:08 
Kevin Shattenkirk        0  0  0   2  0   2  1  3  0  1  0/0    29:24   2:09   5:42 
Michael Latta            1  0  1   0  2   2  0  0  0  0  1/4     9:48   0:29   0:06 
Nikita Zadorov           0  1  1   0  0   2  0  3  0  0  0/0    21:00   2:15   4:46 
Ryan Ellis               0  1  1   2  0   3  3  1  1  0  0/0    29:24   2:09   5:42 
Sergei Plotnikov         0  0  0   0  0   2  0  0  0  0  0/0     5:01   0:00   0:00 
Vladimir Tarasenko       1  0  1   0  0   8  0  1  1  0  0/1    18:33   2:26   0:00 
Yann Sauvé               0  0  0   0  0   1  2  0  0  0  0/0    21:00   2:15   4:46 

Players Stats for Penguins

Player Name              G  A  P  +/- PIM S  H  SB GA TA FO     MP     PP MP  PK MP  
------------------------------------------------------------------------------------
Adam Fox                 0  0  0  -4  0   4  2  0  2  0  0/0    27:24   6:12   1:39 
Brandon Tanev            0  0  0  -1  0   0  2  1  0  0  0/0    10:53   0:00   1:18 
Brock Nelson             0  0  0   0  0   0  1  0  0  0  0/0     6:42   0:00   0:33 
Gavin Bayreuther         0  0  0  -1  0   0  0  0  0  0  0/0     9:31   0:00   0:00 
Jakub Voracek            1  0  1  -1  0   3  2  0  0  0  2/3    19:41   5:53   0:00 
John Tavares             0  1  1  -1  2   8  1  0  1  0  16/30  21:15   5:53   0:37 
Keith Aulie              0  1  1   1  0   0  2  3  0  0  0/0    22:51   4:16   2:45 
Kirill Kaprizov          0  0  0  -1  0   1  4  0  0  0  2/4    19:41   5:53   0:00 
Marcus Foligno           0  0  0  -1  0   1  1  1  0  0  1/1    13:13   0:00   2:45 
Mark Scheifele           1  0  1  -2  2   2  3  0  1  0  0/0    18:50   4:35   0:00 
Mathew Barzal            0  0  0   0  0   2  1  0  0  0  0/0     6:09   0:00   0:00 
Max Reinhart             0  0  0   0  0   0  1  0  0  0  4/8     9:14   0:00   2:43 
Nick Blankenburg         0  0  0  -1  0   1  0  0  0  0  0/0    10:32   0:00   0:39 
Nick Leddy               0  0  0   1  2   0  1  1  1  0  0/0    20:18   4:16   1:00 
Oscar Klefbom            0  0  0  -4  0   2  2  2  1  3  0/0    29:31   6:12   2:45 
Pavel Zacha              0  0  0  -2  0   1  3  0  0  0  0/0    18:51   4:35   0:00 
Sam Gagner               1  0  1  -1  0   5  0  0  0  0  5/6    11:05   0:00   0:48 
Sebastian Aho            0  1  1  -2  0   2  3  0  0  1  6/14   19:52   4:35   0:04 

3 Stars

1 - Garnet Hathaway (NyI)
2 - Brandon Sutter (NyI)
3 - Kellan Lain (NyI)

Power Play

Islanders - 1 on 3 Attempt(s) - 33.33%
Penguins - 2 on 7 Attempt(s) - 28.57%

Penalty Kill

Islanders - 5 on 7 Attempt(s) - 71.43% - Score 0 goal in Penalty Kill
Penguins - 2 on 3 Attempt(s) - 66.67% - Score 0 goal in Penalty Kill

Team Stat

Islanders - Hits : 17 - Faceoff Wins : 30 - Blocked Shots : 16 - Penalty Minutes : 14
Penguins - Hits : 29 - Faceoff Wins : 36 - Blocked Shots : 8 - Penalty Minutes : 6

Official

Referees : Chris Rooney and Brad Meier
Linesman : Bryan Pancich and Travis Gawryletz

Game Notes

Jeremy Swayman enters game at 5:44 of 3rd period

Finance

Level 1 -- Attendance: 6000 (100.00%) -- Ticket Income $600,000
Level 2 -- Attendance: 5000 (100.00%) -- Ticket Income $350,000
Level 3 -- Attendance: 2000 (100.00%) -- Ticket Income $80,000
Level 4 -- Attendance: 3837 (95.93%) -- Ticket Income $115,110
Luxury Box -- Attendance: 1000 (100.00%) -- Ticket Income $200,000
Game was played at the PPG Paint Arena.
Total Attendance: 17837 (99.09%)
Total Ticket Income: $1,345,110
Other Income: $201,766
Total Income: $1,546,876

Islanders

5 vs 5 Forward 
   Center                   Left Wing                Right Wing               Time % Phy DF OF 
 1 Brayden Schenn           Brock McGinn             Vladimir Tarasenko       40     1   2  2  
 2 Brandon Sutter           Kellan Lain              Garnet Hathaway          30     1   2  2  
 3 Michael Latta            Emerson Etem             Jason Akeson             20     1   2  2  
 4 Jamie Arniel             Sergei Plotnikov         Brian Ferlin             10     1   2  2  

5 vs 5 Defense 
   Defense                  Defense                                           Time % Phy DF OF 
 1 Ryan Ellis               Kevin Shattenkirk                                 40     1   2  2  
 2 Nikita Zadorov           Yann Sauvé                                        30     1   2  2  
 3 Dylan McIlrath           Gabriel Carlsson                                  20     1   2  2  
 4 Ryan Ellis               Kevin Shattenkirk                                 10     1   2  2  

PowerPlay Forward 
   Center                   Left Wing                Right Wing               Time % Phy DF OF 
 1 Brayden Schenn           Brock McGinn             Vladimir Tarasenko       60     1   2  2  
 2 Brandon Sutter           Kellan Lain              Garnet Hathaway          40     1   2  2  

PowerPlay Defense
   Defense                  Defense                                           Time % Phy DF OF 
 1 Ryan Ellis               Kevin Shattenkirk                                 60     1   2  2  
 2 Nikita Zadorov           Yann Sauvé                                        40     1   2  2  

Penalty Kill 4 Players Forward 
   Center                   Wing                     Time % Phy DF OF 
 1 Brayden Schenn           Brock McGinn             60     1   2  2  
 2 Brandon Sutter           Kellan Lain              40     1   2  2  

Penalty Kill 4 Players Defense
   Defense                  Defense                  Time % Phy DF OF 
 1 Ryan Ellis               Kevin Shattenkirk        60     1   2  2  
 2 Nikita Zadorov           Yann Sauvé               40     1   2  2  

Penalty Kill - 3 Players Forward 
   Forward                                           Time % Phy DF OF 
 1 Brayden Schenn                                    60     1   2  2  
 2 Brandon Sutter                                    40     1   2  2  

Penalty Kill - 3 Players Defense
   Defense                  Defense                  Time % Phy DF OF 
 1 Ryan Ellis               Kevin Shattenkirk        60     1   2  2  
 2 Nikita Zadorov           Yann Sauvé               40     1   2  2  

4 vs 4 Forward 
   Center                   Wing                     Time % Phy DF OF 
 1 Brayden Schenn           Brock McGinn             60     1   2  2  
 2 Brandon Sutter           Kellan Lain              40     1   2  2  

4 vs 4 Defense
   Defense                  Defense                  Time % Phy DF OF 
 1 Ryan Ellis               Kevin Shattenkirk        60     1   2  2  
 2 Nikita Zadorov           Yann Sauvé               40     1   2  2  

Last Minutes Offensive
   Center                   Left Wing                Right Wing               Defense                  Defense                  
   Brayden Schenn           Brock McGinn             Vladimir Tarasenko       Ryan Ellis               Kevin Shattenkirk        

Last Minutes Defensive
   Center                   Left Wing                Right Wing               Defense                  Defense                  
   Brayden Schenn           Brock McGinn             Vladimir Tarasenko       Ryan Ellis               Kevin Shattenkirk        

Goaltenders
Starting : John Gibson              
Backup : Maxime Daigneault        

Extra Forwards
Normal : Brandon Sutter, Michael Latta, Garnet Hathaway - PP : Brandon Sutter, Michael Latta - PK : Brandon Sutter
Extra Defensemen
Normal : Yann Sauvé, Dylan McIlrath, Gabriel Carlsson - PP : Yann Sauvé - PK : Yann Sauvé, Dylan McIlrath
Penalty Shots
Vladimir Tarasenko, Brayden Schenn, Brock McGinn, Kellan Lain, Brandon Sutter
Custom OT Lines Forwards
Vladimir Tarasenko, Brayden Schenn, Brock McGinn, Kellan Lain, Brandon Sutter, Michael Latta, Garnet Hathaway, Jason Akeson, Emerson Etem, Jamie Arniel
Custom OT Lines Defensemen
Ryan Ellis, Kevin Shattenkirk, Nikita Zadorov, Yann Sauvé, Dylan McIlrath

Scratches
Jordan Greenway (Healthy), Pavel Kraskovsky (Healthy)

Penguins

5 vs 5 Forward 
   Center                   Left Wing                Right Wing               Time % Phy DF OF 
 1 John Tavares             Kirill Kaprizov          Jakub Voracek            40     1   2  2  
 2 Sebastian Aho            Pavel Zacha              Mark Scheifele           30     1   2  2  
 3 Sam Gagner               Marcus Foligno           Brandon Tanev            20     1   2  2  
 4 Max Reinhart             Brock Nelson             Mathew Barzal            10     1   2  2  

5 vs 5 Defense 
   Defense                  Defense                                           Time % Phy DF OF 
 1 Oscar Klefbom            Adam Fox                                          45     1   2  2  
 2 Keith Aulie              Nick Leddy                                        35     1   2  2  
 3 Gavin Bayreuther         Nick Blankenburg                                  20     1   2  2  
 4 Oscar Klefbom            Keith Aulie                                       0      1   2  2  

PowerPlay Forward 
   Center                   Left Wing                Right Wing               Time % Phy DF OF 
 1 John Tavares             Kirill Kaprizov          Jakub Voracek            60     0   2  3  
 2 Sebastian Aho            Pavel Zacha              Mark Scheifele           40     0   2  3  

PowerPlay Defense
   Defense                  Defense                                           Time % Phy DF OF 
 1 Oscar Klefbom            Adam Fox                                          60     0   2  3  
 2 Keith Aulie              Nick Leddy                                        40     0   2  3  

Penalty Kill 4 Players Forward 
   Center                   Wing                     Time % Phy DF OF 
 1 Max Reinhart             Marcus Foligno           60     1   3  1  
 2 John Tavares             Brandon Tanev            40     1   3  1  

Penalty Kill 4 Players Defense
   Defense                  Defense                  Time % Phy DF OF 
 1 Oscar Klefbom            Keith Aulie              60     1   3  1  
 2 Adam Fox                 Nick Leddy               40     1   3  1  

Penalty Kill - 3 Players Forward 
   Forward                                           Time % Phy DF OF 
 1 Max Reinhart                                      60     1   3  1  
 2 John Tavares                                      40     1   3  1  

Penalty Kill - 3 Players Defense
   Defense                  Defense                  Time % Phy DF OF 
 1 Oscar Klefbom            Keith Aulie              60     1   3  1  
 2 Adam Fox                 Nick Leddy               40     1   3  1  

4 vs 4 Forward 
   Center                   Wing                     Time % Phy DF OF 
 1 John Tavares             Jakub Voracek            60     1   2  2  
 2 Sebastian Aho            Mark Scheifele           40     1   2  2  

4 vs 4 Defense
   Defense                  Defense                  Time % Phy DF OF 
 1 Oscar Klefbom            Adam Fox                 60     1   2  2  
 2 Keith Aulie              Nick Leddy               40     1   2  2  

Last Minutes Offensive
   Center                   Left Wing                Right Wing               Defense                  Defense                  
   John Tavares             Kirill Kaprizov          Jakub Voracek            Oscar Klefbom            Adam Fox                 

Last Minutes Defensive
   Center                   Left Wing                Right Wing               Defense                  Defense                  
   John Tavares             Marcus Foligno           Mark Scheifele           Oscar Klefbom            Keith Aulie              

Goaltenders
Starting : Ondrej Pavelec           
Backup : Jeremy Swayman           

Extra Forwards
Normal : John Tavares, Sebastian Aho, Sam Gagner - PP : John Tavares, Sebastian Aho - PK : Brandon Tanev
Extra Defensemen
Normal : Oscar Klefbom, Keith Aulie, Nick Blankenburg - PP : Adam Fox - PK : Oscar Klefbom, Adam Fox
Penalty Shots
John Tavares, Mark Scheifele, Pavel Zacha, Sebastian Aho, Kirill Kaprizov
Custom OT Lines Forwards
John Tavares, Mark Scheifele, Jakub Voracek, Pavel Zacha, Sebastian Aho, Kirill Kaprizov, Sam Gagner, Mathew Barzal, Marcus Foligno, Brandon Tanev
Custom OT Lines Defensemen
Oscar Klefbom, Adam Fox, Keith Aulie, Nick Leddy, Gavin Bayreuther

Scratches
Colin Wilson (Healthy)

% Time on Ice - Islanders

Lines # - Real PCT - Wanted PCT - Time Play
Normal Forward
1 - 37% - 40% - 16:30
2 - 32% - 30% - 14:36
3 - 20% - 20% - 9:01
4 - 11% - 10% - 5:01
Normal Defense
1 - 43% - 40% - 19:27
2 - 31% - 30% - 13:59
3 - 21% - 20% - 9:36
4 - 5% - 10% - 2:06
PP Forward
1 - 62% - 60% - 2:44
2 - 38% - 40% - 1:40
PP Defense
1 - 49% - 60% - 2:09
2 - 51% - 40% - 2:15
PK Forward
1 - 73% - 60% - 7:37
2 - 27% - 40% - 2:51
PK Defense
1 - 54% - 60% - 5:42
2 - 46% - 40% - 4:46
PK3 Forward
1 - 0% - 60%
2 - 0% - 40%
PK3 Defense
1 - 0% - 60%
2 - 0% - 40%
44 Forward
1 - 0% - 60%
2 - 0% - 40%
44 Defense
1 - 0% - 60%
2 - 0% - 40%
Last Minute Offensive  - 0:00
Last Minute Defensive  - 0:00
Total
Forward - 60:00
Defense - 60:00

% Time on Ice - Penguins

Lines # - Real PCT - Wanted PCT - Time Play
Normal Forward
1 - 34% - 40% - 15:08
2 - 32% - 30% - 14:16
3 - 21% - 20% - 9:35
4 - 14% - 10% - 6:09
Normal Defense
1 - 46% - 45% - 20:36
2 - 34% - 35% - 15:29
3 - 20% - 20% - 9:03
4 - 0% - 0% - 0:00
PP Forward
1 - 56% - 60% - 5:53
2 - 44% - 40% - 4:35
PP Defense
1 - 59% - 60% - 6:12
2 - 41% - 40% - 4:16
PK Forward
1 - 75% - 60% - 3:18
2 - 25% - 40% - 1:06
PK Defense
1 - 63% - 60% - 2:45
2 - 38% - 40% - 1:39
PK3 Forward
1 - 0% - 60%
2 - 0% - 40%
PK3 Defense
1 - 0% - 60%
2 - 0% - 40%
44 Forward
1 - 0% - 60%
2 - 0% - 40%
44 Defense
1 - 0% - 60%
2 - 0% - 40%
Last Minute Offensive  - 0:00
Last Minute Defensive  - 0:00
Total
Forward - 60:00
Defense - 60:00

Play-by-Play

1st period


0:01 of 1st period - John Tavares wins face-off versus Brayden Schenn in neutral zone.
0:12 of 1st period - Slapshot by John Tavares.
0:12 of 1st period - Stopped by John Gibson with a rebound.
0:14 of 1st period - Wrist shot by John Tavares.
0:14 of 1st period - Stopped by John Gibson without a rebound.
0:15 of 1st period - Sebastian Aho wins face-off versus Brandon Sutter in Islanders zone.
0:42 of 1st period - Nikita Zadorov is hit by Keith Aulie and loses puck.
1:11 of 1st period - Wrist shot by Jakub Voracek.
1:11 of 1st period - Stopped by John Gibson without a rebound.
1:12 of 1st period - Max Reinhart wins face-off versus Jamie Arniel in Islanders zone.
1:23 of 1st period - Oscar Klefbom is hit by Ryan Ellis and loses puck.
1:40 of 1st period - Snap shot by Kellan Lain.
1:40 of 1st period - Goal by Kellan Lain - Islanders : 1 - Penguins : 0.
1:41 of 1st period - Brayden Schenn wins face-off versus John Tavares in neutral zone.
1:56 of 1st period - Ryan Ellis is hit by John Tavares and loses puck.
2:34 of 1st period - Snap shot by Jamie Arniel.
2:34 of 1st period - Shot Blocked by Marcus Foligno.
2:36 of 1st period - Slapshot by Nikita Zadorov.
2:36 of 1st period - Stopped by Ondrej Pavelec with a rebound.
2:38 of 1st period - Snap shot by Yann Sauvé.
2:38 of 1st period - Stopped by Ondrej Pavelec without a rebound.
2:39 of 1st period - John Tavares wins face-off versus Michael Latta in Penguins zone.
3:16 of 1st period - Vladimir Tarasenko is hit by Pavel Zacha and loses puck.
3:27 of 1st period - Wrist shot by Brock Nelson.
3:27 of 1st period - Shot Blocked by Dylan McIlrath.
3:53 of 1st period - Brayden Schenn is hit by Brock Nelson and loses puck.
4:21 of 1st period - Snap shot by Mathew Barzal.
4:21 of 1st period - Stopped by John Gibson without a rebound.
4:22 of 1st period - Brandon Sutter wins face-off versus John Tavares in Islanders zone.
4:36 of 1st period - Minor Penalty to John Tavares for Roughing.
4:37 of 1st period - Max Reinhart wins face-off versus Brandon Sutter in Penguins zone.
6:36 of 1st period - Penalty to John Tavares is over, John Tavares is back on ice.
6:57 of 1st period - Snap shot by Jamie Arniel.
6:57 of 1st period - Shot Misses the Net.
7:21 of 1st period - Snap shot by Sebastian Aho.
7:21 of 1st period - Shot Misses the Net.
7:37 of 1st period - Snap shot by John Tavares.
7:37 of 1st period - Shot Misses the Net.
7:41 of 1st period - Wrist shot by John Tavares.
7:41 of 1st period - Stopped by John Gibson with a rebound.
7:43 of 1st period - Wrist shot by Marcus Foligno.
7:43 of 1st period - Shot Misses the Net.
7:45 of 1st period - Snap shot by Oscar Klefbom.
7:45 of 1st period - Shot Blocked by Emerson Etem.
7:47 of 1st period - Slapshot by Marcus Foligno.
7:47 of 1st period - Stopped by John Gibson without a rebound.
7:48 of 1st period - Max Reinhart wins face-off versus Brandon Sutter in Islanders zone.
8:01 of 1st period - Max Reinhart is hit by Yann Sauvé and loses puck.
8:20 of 1st period - Gavin Bayreuther is hit by Brock McGinn and loses puck.
8:25 of 1st period - Snap shot by Brayden Schenn.
8:25 of 1st period - Stopped by Ondrej Pavelec with a rebound.
8:56 of 1st period - Wrist shot by Mathew Barzal.
8:56 of 1st period - Stopped by John Gibson with a rebound.
9:04 of 1st period - Wrist shot by Brock Nelson.
9:04 of 1st period - Shot Blocked by Kellan Lain.
9:14 of 1st period - Nikita Zadorov is hit by Kirill Kaprizov and loses puck.
9:25 of 1st period - Wrist shot by Kellan Lain.
9:25 of 1st period - Stopped by Ondrej Pavelec with a rebound.
9:27 of 1st period - Snap shot by Kellan Lain.
9:27 of 1st period - Shot Misses the Net.
9:29 of 1st period - Wrist shot by Ryan Ellis.
9:29 of 1st period - Stopped by Ondrej Pavelec with a rebound.
9:39 of 1st period - Kevin Shattenkirk is hit by Nick Leddy and loses puck.
10:22 of 1st period - Snap shot by Brayden Schenn.
10:22 of 1st period - Stopped by Ondrej Pavelec with a rebound.
10:34 of 1st period - Slapshot by Brock Nelson.
10:34 of 1st period - Deflect By Max Reinhart.
10:34 of 1st period - Shot Blocked by Brayden Schenn.
10:34 of 1st period - Puck is out of play.
10:35 of 1st period - Michael Latta wins face-off versus Max Reinhart in Islanders zone.
11:45 of 1st period - Snap shot by Sam Gagner.
11:45 of 1st period - Goal by Sam Gagner - Islanders : 1 - Penguins : 1.
11:46 of 1st period - Brayden Schenn wins face-off versus Sebastian Aho in neutral zone.
12:17 of 1st period - Snap shot by Brandon Sutter.
12:17 of 1st period - Stopped by Ondrej Pavelec with a rebound.
12:19 of 1st period - Snap shot by Garnet Hathaway.
12:19 of 1st period - Goal by Garnet Hathaway - Islanders : 2 - Penguins : 1.
12:20 of 1st period - Sam Gagner wins face-off versus Brayden Schenn in neutral zone.
12:47 of 1st period - Brandon Sutter is hit by Adam Fox and loses puck.
12:56 of 1st period - Slapshot by Ryan Ellis.
12:56 of 1st period - Shot Misses the Net.
13:08 of 1st period - Yann Sauvé is hit by Mark Scheifele and loses puck.
13:15 of 1st period - Sebastian Aho is hit by Emerson Etem and loses puck.
13:46 of 1st period - Dylan McIlrath is hit by Kirill Kaprizov and loses puck.
14:11 of 1st period - Slapshot by Adam Fox.
14:11 of 1st period - Stopped by John Gibson with a rebound.
14:42 of 1st period - Keith Aulie is hit by Ryan Ellis and loses puck.
15:13 of 1st period - Vladimir Tarasenko is hit by Kirill Kaprizov and loses puck.
15:24 of 1st period - Slapshot by Vladimir Tarasenko.
15:24 of 1st period - Stopped by Ondrej Pavelec with a rebound.
15:26 of 1st period - Snap shot by Brayden Schenn.
15:26 of 1st period - Shot Misses the Net.
15:41 of 1st period - Icing by Jakub Voracek.
15:42 of 1st period - Kirill Kaprizov wins face-off versus Brandon Sutter in Penguins zone.
16:03 of 1st period - Wrist shot by John Tavares.
16:03 of 1st period - Shot Misses the Net.
16:05 of 1st period - Slapshot by Keith Aulie.
16:05 of 1st period - Shot Blocked by Garnet Hathaway.
16:21 of 1st period - Wrist shot by John Tavares.
16:21 of 1st period - Stopped by John Gibson with a rebound.
16:27 of 1st period - Snap shot by Jakub Voracek.
16:27 of 1st period - Shot Misses the Net.
16:29 of 1st period - Wrist shot by John Tavares.
16:29 of 1st period - Shot Misses the Net.
16:31 of 1st period - Snap shot by Kirill Kaprizov.
16:31 of 1st period - Deflect By Jakub Voracek.
16:31 of 1st period - Shot Misses the Net.
16:31 of 1st period - Puck is out of play.
16:32 of 1st period - Sebastian Aho wins face-off versus Michael Latta in Islanders zone.
16:33 of 1st period - Snap shot by Mark Scheifele.
16:33 of 1st period - Shot Misses the Net.
16:47 of 1st period - Snap shot by Michael Latta.
16:47 of 1st period - Stopped by Ondrej Pavelec without a rebound.
16:48 of 1st period - Sam Gagner wins face-off versus Brayden Schenn in Penguins zone.
17:03 of 1st period - Slapshot by Sam Gagner.
17:03 of 1st period - Stopped by John Gibson with a rebound.
18:40 of 1st period - Adam Fox is hit by Garnet Hathaway and loses puck.
19:44 of 1st period - Wrist shot by Vladimir Tarasenko.
19:44 of 1st period - Stopped by Ondrej Pavelec with a rebound.
Goals for this period are 2 for Islanders vs 1 for Penguins.
Shots for this period are 12 for Islanders vs 11 for Penguins.

2nd period


0:01 of 2nd period - John Tavares wins face-off versus Vladimir Tarasenko in neutral zone.
0:11 of 2nd period - Icing by Brock McGinn.
0:12 of 2nd period - Sebastian Aho wins face-off versus Brayden Schenn in Islanders zone.
0:18 of 2nd period - Vladimir Tarasenko is hit by Pavel Zacha.
0:40 of 2nd period - Jakub Voracek is hit by Brock McGinn and loses puck.
0:50 of 2nd period - Backhand shot by Brayden Schenn.
0:50 of 2nd period - Deflect By Brock McGinn.
0:50 of 2nd period - Shot Blocked by Keith Aulie.
0:50 of 2nd period - Puck is out of play.
0:51 of 2nd period - Marcus Foligno wins face-off versus Brandon Sutter in Penguins zone.
0:56 of 2nd period - Kellan Lain is hit by Brandon Tanev.
1:24 of 2nd period - Slapshot by John Tavares.
1:24 of 2nd period - Stopped by John Gibson without a rebound.
1:25 of 2nd period - Brayden Schenn wins face-off versus Sebastian Aho in Islanders zone.
1:42 of 2nd period - Slapshot by Brock McGinn.
1:42 of 2nd period - Stopped by Ondrej Pavelec with a rebound.
1:52 of 2nd period - Sebastian Aho is hit by Emerson Etem and loses puck.
2:00 of 2nd period - Keith Aulie is hit by Ryan Ellis.
2:25 of 2nd period - Minor Penalty to Michael Latta for Roughing.
2:26 of 2nd period - John Tavares wins face-off versus Brayden Schenn in Islanders zone.
2:28 of 2nd period - Snap shot by Jakub Voracek.
2:28 of 2nd period - Goal by Jakub Voracek - Islanders : 2 - Penguins : 2.
2:29 of 2nd period - Brandon Sutter wins face-off versus John Tavares in neutral zone.
2:32 of 2nd period - Slapshot by Brandon Sutter.
2:32 of 2nd period - Stopped by Ondrej Pavelec with a rebound.
2:39 of 2nd period - Minor Penalty to Brandon Sutter for Cross-checking.
2:40 of 2nd period - Brayden Schenn wins face-off versus John Tavares in Islanders zone.
3:07 of 2nd period - Ryan Ellis is hit by Pavel Zacha and loses puck.
3:28 of 2nd period - Slapshot by Kevin Shattenkirk.
3:28 of 2nd period - Stopped by Ondrej Pavelec without a rebound.
3:29 of 2nd period - Jamie Arniel wins face-off versus John Tavares in Penguins zone.
4:39 of 2nd period - Penalty to Brandon Sutter is over, Brandon Sutter is back on ice.
4:41 of 2nd period - Icing by Mark Scheifele.
4:42 of 2nd period - Sebastian Aho wins face-off versus Garnet Hathaway in Penguins zone.
4:50 of 2nd period - Icing by Kellan Lain.
4:51 of 2nd period - Sam Gagner wins face-off versus Brandon Sutter in Islanders zone.
5:00 of 2nd period - Backhand shot by Brandon Sutter.
5:00 of 2nd period - Shot Misses the Net.
5:02 of 2nd period - Slapshot by Dylan McIlrath.
5:02 of 2nd period - Shot Misses the Net.
5:40 of 2nd period - Wrist shot by Marcus Foligno.
5:40 of 2nd period - Shot Blocked by Gabriel Carlsson.
5:55 of 2nd period - Snap shot by Brandon Sutter.
5:55 of 2nd period - Goal by Brandon Sutter - Islanders : 3 - Penguins : 2.
5:56 of 2nd period - Brayden Schenn wins face-off versus John Tavares in neutral zone.
6:08 of 2nd period - Minor Penalty to Brock McGinn for Tripping.
6:09 of 2nd period - John Tavares wins face-off versus Brayden Schenn in Islanders zone.
8:08 of 2nd period - Penalty to Brock McGinn is over, Brock McGinn is back on ice.
9:02 of 2nd period - Marcus Foligno is hit by Brian Ferlin and loses puck.
9:43 of 2nd period - Icing by Kevin Shattenkirk.
9:44 of 2nd period - Sebastian Aho wins face-off versus Michael Latta in Islanders zone.
10:01 of 2nd period - Snap shot by Emerson Etem.
10:01 of 2nd period - Stopped by Ondrej Pavelec without a rebound.
10:02 of 2nd period - Brayden Schenn wins face-off versus Jakub Voracek in Penguins zone.
10:28 of 2nd period - Pavel Zacha is hit by Brandon Sutter and loses puck.
10:33 of 2nd period - Backhand shot by Garnet Hathaway.
10:33 of 2nd period - Stopped by Ondrej Pavelec without a rebound.
10:34 of 2nd period - Brandon Sutter wins face-off versus Sebastian Aho in Penguins zone.
10:37 of 2nd period - Snap shot by Garnet Hathaway.
10:37 of 2nd period - Shot Misses the Net.
10:42 of 2nd period - Off-side.
10:43 of 2nd period - Brandon Sutter wins face-off versus Sebastian Aho in neutral zone.
11:12 of 2nd period - Wrist shot by Sebastian Aho.
11:12 of 2nd period - Shot Blocked by Kevin Shattenkirk.
11:14 of 2nd period - Slapshot by Oscar Klefbom.
11:14 of 2nd period - Shot Misses the Net.
11:16 of 2nd period - Slapshot by Mark Scheifele.
11:16 of 2nd period - Shot Misses the Net.
11:18 of 2nd period - Slapshot by Oscar Klefbom.
11:18 of 2nd period - Shot Blocked by Ryan Ellis.
11:20 of 2nd period - Snap shot by Pavel Zacha.
11:20 of 2nd period - Stopped by John Gibson with a rebound.
11:39 of 2nd period - Minor Penalty to Kellan Lain for Holding.
11:40 of 2nd period - Brayden Schenn wins face-off versus John Tavares in Islanders zone.
11:49 of 2nd period - Keith Aulie is hit by Yann Sauvé.
11:57 of 2nd period - Snap shot by John Tavares.
11:57 of 2nd period - Stopped by John Gibson with a rebound.
12:27 of 2nd period - Oscar Klefbom is hit by Emerson Etem.
12:28 of 2nd period - Icing by Oscar Klefbom.
12:29 of 2nd period - Brandon Sutter wins face-off versus Sebastian Aho in Penguins zone.
12:36 of 2nd period - Brandon Sutter is hit by Sebastian Aho and loses puck.
13:02 of 2nd period - Icing by John Tavares.
13:03 of 2nd period - Jakub Voracek wins face-off versus Brayden Schenn in Penguins zone.
13:39 of 2nd period - Penalty to Kellan Lain is over, Kellan Lain is back on ice.
13:50 of 2nd period - Sergei Plotnikov is hit by Brandon Tanev.
14:28 of 2nd period - Kellan Lain is hit by Sebastian Aho and loses puck.
15:13 of 2nd period - Off-side.
15:14 of 2nd period - Sam Gagner wins face-off versus Brandon Sutter in neutral zone.
15:26 of 2nd period - Off-side.
15:27 of 2nd period - John Tavares wins face-off versus Brandon Sutter in neutral zone.
15:30 of 2nd period - Slapshot by Oscar Klefbom.
15:30 of 2nd period - Deflect By John Tavares.
15:30 of 2nd period - Shot Blocked by Kellan Lain.
15:30 of 2nd period - Puck is out of play.
15:31 of 2nd period - John Tavares wins face-off versus Brandon Sutter in Islanders zone.
16:00 of 2nd period - Wrist shot by Sebastian Aho.
16:00 of 2nd period - Shot Misses the Net.
16:22 of 2nd period - Wrist shot by Jason Akeson.
16:22 of 2nd period - Shot Blocked by Brandon Tanev.
16:48 of 2nd period - Wrist shot by Sergei Plotnikov.
16:48 of 2nd period - Stopped by Ondrej Pavelec with a rebound.
16:50 of 2nd period - Snap shot by Yann Sauvé.
16:50 of 2nd period - Shot Blocked by Nick Leddy.
17:35 of 2nd period - Kevin Shattenkirk is hit by Mark Scheifele and loses puck.
17:47 of 2nd period - Minor Penalty to Jamie Arniel for Hooking.
17:48 of 2nd period - John Tavares wins face-off versus Brayden Schenn in Islanders zone.
19:47 of 2nd period - Penalty to Jamie Arniel is over, Jamie Arniel is back on ice.
Goals for this period are 1 for Islanders vs 1 for Penguins.
Shots for this period are 7 for Islanders vs 4 for Penguins.

3rd period


0:01 of 3rd period - Brayden Schenn wins face-off versus John Tavares in neutral zone.
0:26 of 3rd period - Brandon Sutter is hit by Sebastian Aho and loses puck.
0:36 of 3rd period - Icing by Pavel Zacha.
0:37 of 3rd period - Sebastian Aho wins face-off versus Brayden Schenn in Penguins zone.
1:28 of 3rd period - Snap shot by Sergei Plotnikov.
1:28 of 3rd period - Stopped by Ondrej Pavelec with a rebound.
2:35 of 3rd period - Icing by Nick Leddy.
2:36 of 3rd period - John Tavares wins face-off versus Brandon Sutter in Penguins zone.
2:47 of 3rd period - Slapshot by Kellan Lain.
2:47 of 3rd period - Stopped by Ondrej Pavelec with a rebound.
3:20 of 3rd period - Kevin Shattenkirk is hit by Keith Aulie and loses puck.
3:33 of 3rd period - Wrist shot by Mark Scheifele.
3:33 of 3rd period - Stopped by John Gibson without a rebound.
3:34 of 3rd period - Brayden Schenn wins face-off versus Sam Gagner in Islanders zone.
3:34 of 3rd period - Brayden Schenn is hit by Marcus Foligno.
4:10 of 3rd period - Wrist shot by Sebastian Aho.
4:10 of 3rd period - Stopped by John Gibson without a rebound.
4:11 of 3rd period - Brayden Schenn wins face-off versus John Tavares in Islanders zone.
4:26 of 3rd period - Vladimir Tarasenko is hit by Jakub Voracek and loses puck.
5:04 of 3rd period - Snap shot by Jason Akeson.
5:04 of 3rd period - Shot Hit the Post.
5:10 of 3rd period - Wrist shot by Michael Latta.
5:10 of 3rd period - Goal by Michael Latta - Islanders : 4 - Penguins : 2.
5:11 of 3rd period - John Tavares wins face-off versus Brock McGinn in neutral zone.
5:44 of 3rd period - Snap shot by Garnet Hathaway.
5:44 of 3rd period - Goal by Garnet Hathaway - Islanders : 5 - Penguins : 2.
5:44 of 3rd period - Jeremy Swayman enters game.
5:45 of 3rd period - John Tavares wins face-off versus Brayden Schenn in neutral zone.
5:56 of 3rd period - Slapshot by John Tavares.
5:56 of 3rd period - Stopped by John Gibson with a rebound.
6:12 of 3rd period - Brandon Sutter is hit by Mark Scheifele and loses puck.
6:23 of 3rd period - Snap shot by Sebastian Aho.
6:23 of 3rd period - Shot Misses the Net.
7:06 of 3rd period - John Tavares is hit by Brock McGinn and loses puck.
7:14 of 3rd period - Icing by Gavin Bayreuther.
7:15 of 3rd period - Brandon Sutter wins face-off versus Kirill Kaprizov in Penguins zone.
7:24 of 3rd period - Slapshot by Kirill Kaprizov.
7:24 of 3rd period - Shot Blocked by Nikita Zadorov.
7:26 of 3rd period - Snap shot by Kirill Kaprizov.
7:26 of 3rd period - Stopped by John Gibson without a rebound.
7:27 of 3rd period - Brayden Schenn wins face-off versus Sebastian Aho in Islanders zone.
7:36 of 3rd period - Adam Fox is hit by Brock McGinn and loses puck.
7:54 of 3rd period - Minor Penalty to Mark Scheifele for Roughing.
7:55 of 3rd period - Brock McGinn wins face-off versus Max Reinhart in Penguins zone.
8:08 of 3rd period - Snap shot by Vladimir Tarasenko.
8:08 of 3rd period - Shot Blocked by Keith Aulie.
8:10 of 3rd period - Slapshot by Kevin Shattenkirk.
8:10 of 3rd period - Deflect By Brock McGinn.
8:10 of 3rd period - Shot Misses the Net.
8:10 of 3rd period - Puck is out of play.
8:11 of 3rd period - Brock McGinn wins face-off versus Max Reinhart in Penguins zone.
8:18 of 3rd period - Snap shot by Brayden Schenn.
8:18 of 3rd period - Stopped by Jeremy Swayman without a rebound.
8:19 of 3rd period - Brayden Schenn wins face-off versus Max Reinhart in Penguins zone.
8:20 of 3rd period - Slapshot by Vladimir Tarasenko.
8:20 of 3rd period - Deflect By Max Reinhart.
8:20 of 3rd period - Goal by Vladimir Tarasenko - Islanders : 6 - Penguins : 2.
8:21 of 3rd period - Jakub Voracek wins face-off versus Brayden Schenn in neutral zone.
8:26 of 3rd period - Snap shot by Vladimir Tarasenko.
8:26 of 3rd period - Stopped by Jeremy Swayman without a rebound.
8:27 of 3rd period - Kirill Kaprizov wins face-off versus Brock McGinn in Penguins zone.
8:54 of 3rd period - Wrist shot by Marcus Foligno.
8:54 of 3rd period - Deflect By Sam Gagner.
8:54 of 3rd period - Stopped by John Gibson with a rebound.
8:56 of 3rd period - Backhand shot by Sam Gagner.
8:56 of 3rd period - Shot Blocked by Kevin Shattenkirk.
8:58 of 3rd period - Snap shot by Oscar Klefbom.
8:58 of 3rd period - Stopped by John Gibson with a rebound.
9:00 of 3rd period - Slapshot by Sam Gagner.
9:00 of 3rd period - Stopped by John Gibson with a rebound.
9:02 of 3rd period - Wrist shot by Sam Gagner.
9:02 of 3rd period - Shot Misses the Net.
9:04 of 3rd period - Snap shot by Marcus Foligno.
9:04 of 3rd period - Shot Misses the Net.
9:06 of 3rd period - Wrist shot by Brandon Tanev.
9:06 of 3rd period - Shot Blocked by Vladimir Tarasenko.
9:18 of 3rd period - Snap shot by Kellan Lain.
9:18 of 3rd period - Shot Misses the Net.
9:20 of 3rd period - Wrist shot by Brandon Sutter.
9:20 of 3rd period - Shot Misses the Net.
9:22 of 3rd period - Snap shot by Garnet Hathaway.
9:22 of 3rd period - Stopped by Jeremy Swayman with a rebound.
9:24 of 3rd period - Snap shot by Garnet Hathaway.
9:24 of 3rd period - Shot Misses the Net.
9:26 of 3rd period - Slapshot by Ryan Ellis.
9:26 of 3rd period - Stopped by Jeremy Swayman with a rebound.
9:40 of 3rd period - Dylan McIlrath is hit by Mathew Barzal and loses puck.
9:45 of 3rd period - Snap shot by Michael Latta.
9:45 of 3rd period - Shot Misses the Net.
9:51 of 3rd period - Minor Penalty to Nick Leddy for Holding.
9:52 of 3rd period - Max Reinhart wins face-off versus Brayden Schenn in Penguins zone.
10:31 of 3rd period - Wrist shot by Vladimir Tarasenko.
10:31 of 3rd period - Stopped by Jeremy Swayman with a rebound.
10:33 of 3rd period - Slapshot by Yann Sauvé.
10:33 of 3rd period - Shot Blocked by Keith Aulie.
10:35 of 3rd period - Slapshot by Nikita Zadorov.
10:35 of 3rd period - Stopped by Jeremy Swayman with a rebound.
10:37 of 3rd period - Wrist shot by Brock McGinn.
10:37 of 3rd period - Deflect By Vladimir Tarasenko.
10:37 of 3rd period - Stopped by Jeremy Swayman with a rebound.
10:39 of 3rd period - Backhand shot by Nikita Zadorov.
10:39 of 3rd period - Deflect By Brayden Schenn.
10:39 of 3rd period - Stopped by Jeremy Swayman with a rebound.
10:55 of 3rd period - Snap shot by Vladimir Tarasenko.
10:55 of 3rd period - Stopped by Jeremy Swayman with a rebound.
10:57 of 3rd period - Slapshot by Yann Sauvé.
10:57 of 3rd period - Shot Blocked by Oscar Klefbom.
10:59 of 3rd period - Snap shot by Vladimir Tarasenko.
10:59 of 3rd period - Stopped by Jeremy Swayman without a rebound.
11:00 of 3rd period - Brandon Sutter wins face-off versus John Tavares in Penguins zone.
11:03 of 3rd period - Slapshot by Kellan Lain.
11:03 of 3rd period - Stopped by Jeremy Swayman with a rebound.
11:05 of 3rd period - Slapshot by Kevin Shattenkirk.
11:05 of 3rd period - Stopped by Jeremy Swayman without a rebound.
11:06 of 3rd period - John Tavares wins face-off versus Brandon Sutter in Penguins zone.
11:51 of 3rd period - Penalty to Nick Leddy is over, Nick Leddy is back on ice.
12:10 of 3rd period - Wrist shot by Oscar Klefbom.
12:10 of 3rd period - Stopped by John Gibson without a rebound.
12:11 of 3rd period - Jamie Arniel wins face-off versus John Tavares in Islanders zone.
12:47 of 3rd period - Michael Latta is hit by Oscar Klefbom and loses puck.
13:14 of 3rd period - Emerson Etem is hit by Max Reinhart and loses puck.
13:25 of 3rd period - Kevin Shattenkirk is hit by Kirill Kaprizov and loses puck.
14:01 of 3rd period - Minor Penalty to Kellan Lain for Tripping.
14:02 of 3rd period - John Tavares wins face-off versus Brayden Schenn in Islanders zone.
14:29 of 3rd period - Brock McGinn is hit by Adam Fox and loses puck.
14:34 of 3rd period - Snap shot by Sebastian Aho.
14:34 of 3rd period - Deflect By Mark Scheifele.
14:34 of 3rd period - Shot Blocked by Nikita Zadorov.
14:34 of 3rd period - Puck is out of play.
14:35 of 3rd period - Brayden Schenn wins face-off versus Sebastian Aho in Islanders zone.
15:13 of 3rd period - Slapshot by Adam Fox.
15:13 of 3rd period - Stopped by John Gibson with a rebound.
15:15 of 3rd period - Snap shot by John Tavares.
15:15 of 3rd period - Stopped by John Gibson without a rebound.
15:16 of 3rd period - Brayden Schenn wins face-off versus John Tavares in Islanders zone.
15:36 of 3rd period - Snap shot by Mark Scheifele.
15:36 of 3rd period - Goal by Mark Scheifele - Islanders : 6 - Penguins : 3.
15:37 of 3rd period - John Tavares wins face-off versus Brandon Sutter in neutral zone.
15:45 of 3rd period - Icing by Yann Sauvé.
15:46 of 3rd period - Brandon Sutter wins face-off versus John Tavares in Islanders zone.
15:51 of 3rd period - Backhand shot by Yann Sauvé.
15:51 of 3rd period - Deflect By Brandon Sutter.
15:51 of 3rd period - Shot Blocked by Oscar Klefbom.
15:51 of 3rd period - Puck is out of play.
15:52 of 3rd period - Brayden Schenn wins face-off versus John Tavares in Penguins zone.
16:19 of 3rd period - Oscar Klefbom is hit by Garnet Hathaway and loses puck.
16:42 of 3rd period - Snap shot by Brandon Tanev.
16:42 of 3rd period - Shot Blocked by Nikita Zadorov.
16:44 of 3rd period - Slapshot by Adam Fox.
16:44 of 3rd period - Stopped by John Gibson with a rebound.
16:46 of 3rd period - Snap shot by Adam Fox.
16:46 of 3rd period - Stopped by John Gibson without a rebound.
16:47 of 3rd period - Sam Gagner wins face-off versus Brayden Schenn in Islanders zone.
17:14 of 3rd period - Wrist shot by Sam Gagner.
17:14 of 3rd period - Stopped by John Gibson with a rebound.
17:16 of 3rd period - Snap shot by Sam Gagner.
17:16 of 3rd period - Shot Blocked by Kevin Shattenkirk.
17:18 of 3rd period - Snap shot by Nick Blankenburg.
17:18 of 3rd period - Stopped by John Gibson without a rebound.
17:19 of 3rd period - Brandon Sutter wins face-off versus Kirill Kaprizov in Islanders zone.
17:29 of 3rd period - Nikita Zadorov is hit by Jakub Voracek and loses puck.
17:58 of 3rd period - Snap shot by Vladimir Tarasenko.
17:58 of 3rd period - Shot Misses the Net.
18:14 of 3rd period - Snap shot by Jamie Arniel.
18:14 of 3rd period - Stopped by Jeremy Swayman with a rebound.
18:22 of 3rd period - Snap shot by Ryan Ellis.
18:22 of 3rd period - Stopped by Jeremy Swayman without a rebound.
18:23 of 3rd period - John Tavares wins face-off versus Brandon Sutter in Penguins zone.
18:38 of 3rd period - Snap shot by Jakub Voracek.
18:38 of 3rd period - Shot Blocked by Brandon Sutter.
18:50 of 3rd period - Brandon Tanev is hit by Kevin Shattenkirk and loses puck.
19:05 of 3rd period - Minor Penalty to Dylan McIlrath for Hooking.
19:06 of 3rd period - John Tavares wins face-off versus Brayden Schenn in Islanders zone.
19:07 of 3rd period - Wrist shot by Jakub Voracek.
19:07 of 3rd period - Stopped by John Gibson with a rebound.
19:31 of 3rd period - Brock McGinn is hit by Oscar Klefbom and loses puck.
19:44 of 3rd period - Slapshot by Adam Fox.
19:44 of 3rd period - Shot Misses the Net.
19:46 of 3rd period - Wrist shot by Sebastian Aho.
19:46 of 3rd period - Stopped by John Gibson without a rebound.
19:47 of 3rd period - Brandon Sutter wins face-off versus Sebastian Aho in Islanders zone.
Goals for this period are 3 for Islanders vs 1 for Penguins.
Shots for this period are 19 for Islanders vs 17 for Penguins.